 Dungeon Crawl Stone Soup version 0.28.0-45-g0d030f2227 (webtiles) character file.

Game seed: 15149763064892417590

671 Peloso the Slasher (level 7, -13/61 HPs)
             Began as a Minotaur Fighter on Mar 31, 2022.
             Was an Initiate of Okawaru.
             Mangled by an ogre
             ... wielding a +0 giant spiked club
              (22 damage)
             ... on level 5 of the Dungeon.
             The game lasted 00:07:26 (5593 turns).

Peloso the Slasher (Minotaur Fighter)               Turns: 5593, Time: 00:07:27

Health: -13/61     AC: 11    Str: 21    XL:     7   Next: 32%
Magic:  6/6        EV:  7    Int:  5    God:    Okawaru [......]
Gold:   132        SH:  4    Dex: 11    Spells: 6/6 levels left

rFire   . . .      SeeInvis .   a - +0 long sword
rCold   . . .      Faith    .   c - +0 buckler
rNeg    . . .      Spirit   .   i - +0 chain mail
rPois   .          Reflect  .   (helmet restricted)
rElec   .          Harm     .   (no cloak)
rCorr   .          Rampage  .   e - +0 pair of gloves
Will    .....                   (no boots)
Stlth   ..........              (no amulet)
HPRegen 0.20/turn               (no ring)
MPRegen 0.10/turn               (no ring)

@: no status effects
A: horns 2, retaliatory headbutt
a: Renounce Religion


You were on level 5 of the Dungeon.
You worshipped Okawaru.
Okawaru was noncommittal.
You visited 2 branches of the dungeon, and saw 6 of its levels.

You collected 132 gold pieces.

Inventory:

Hand Weapons
 a - a +0 long sword (weapon)
 b - a +0 trident of flaming
Armour
 c - a +0 buckler (worn)
 e - a +0 pair of gloves (worn)
 i - a +0 chain mail (worn)
Wands
 o - a wand of mindburst (5)
Scrolls
 g - 4 scrolls of teleportation
 h - a scroll of fog {unknown}
 j - a scroll of noise {unknown}
 n - a scroll of blinking {unknown}
 p - a scroll of fear {unknown}
 r - a scroll of summoning
Potions
 d - a potion of might
 f - 2 potions of heal wounds
 k - a potion of ambrosia
 l - 2 potions of curing {unknown}
 m - a potion of berserk rage {unknown}
 q - a potion of haste {unknown}
 s - a potion of lignification {unknown}
 t - 2 potions of attraction {unknown}


   Skills:
 + Level 5.0 Fighting
 + Level 6.9 Long Blades
 + Level 6.4 Armour
 + Level 1.1 Dodging
 + Level 0.2 Stealth
 + Level 4.3 Shields
 + Level 0.4 Evocations


You had 6 spell levels left.
You didn't know any spells.
Your spell library contained the following spells:

 Spells                   Type           Power      Damage    Failure   Level
 Pain                     Necr           0%         1d4       99%         1
 Ignite Poison            Fire/Tmut/Pois 0%         N/A       100%        3
 Mephitic Cloud           Conj/Pois/Air  0%         N/A       100%        3
 Vampiric Draining        Necr           0%         2d6       100%        3
 Anguish                  Hex/Necr       0%         N/A       100%        4
 Freezing Cloud           Conj/Ice/Air   0%         6-21      100%        5
 Enfeeble                 Hex            0%         N/A       100%        7
 Animate Skeleton         Necr           Unusable   N/A       N/A         1
 Tukima's Dance           Hex            Unusable   N/A       N/A         3

Dungeon Overview and Level Annotations

Branches:
Dungeon (5/15)             Temple (1/1) D:5

Altars:
Ashenzari
Dithmenos
Elyvilon
Gozag
Kikubaaqudgha
Makhleb
Nemelex Xobeh
Okawaru
Qazlal
Ru
Sif Muna
Wu Jian
Xom
Yredelemnul
Zin
The Shining One

Shops:
D:2 [


Innate Abilities, Weirdness & Mutations

You have a pair of horns on your head.
You reflexively headbutt those who attack you in melee.


Message History

You closely miss the hound.
The hound is moderately wounded.
You block the hound's attack. x2
You slash the hound!
The hound is almost dead.
The hound bites you but does no damage.
You barely miss the hound. Your headbutt misses the hound.
The hound is almost dead.
The hound bites you but does no damage. x2
You closely miss the hound.
The hound is almost dead.
The hound bites you but does no damage. The hound closely misses you.
You furiously retaliate!
You headbutt the hound!
You kill the hound!
Okawaru accepts your kill.
t - 2 pink potions (gained 1)
Found a war axe.
You see here a +0 war axe.
An ogre comes into view. It is wielding a +0 giant spiked club.
The ogre shouts!
An ogre is nearby!
An ogre is nearby!
The ogre hits you with a +0 giant spiked club!!
You slash the ogre!
The ogre is moderately wounded.
You barely miss the ogre.
The ogre is moderately wounded.
The ogre hits you with a +0 giant spiked club!!
* * * LOW HITPOINT WARNING * * *
You hit the ogre.
The ogre is moderately wounded.
The ogre hits you with a +0 giant spiked club!
* * * LOW HITPOINT WARNING * * *
You slash the ogre!
The ogre is severely wounded.
The ogre barely misses you. You furiously retaliate!
You headbutt the ogre. You hit the ogre but do no damage.
The ogre is almost dead.
The ogre hits you with a +0 giant spiked club!!
You die...

#.## #.# #####.# #....
#..# #.# #.....# #....
##.# #.# ##.##..#
#)... #.# #.# #..##..#
#.... #.# #.# #.###..#
#.... #.# #.# #.# #..#
#.... #.# #.# #.#
##.###.... #.# #O# #.#
#......... #.# #@# #.#
#.###..... #.# #.# #.#
#.# #..### #.# #.# #.#
#.####.# # #.# ##.#
#.# #...##.###
#.###.)# #.#
###....... #..##.##
#.# ###....# ##..#.#
#.# ##....#
##.#.####.######..####
#.#.#...........## #


You could see an ogre.

Vanquished Creatures
  Menkaure (D:5)
  An ogre (D:4)
  A scorpion (D:5)
  A water moccasin zombie (D:5)
  A water moccasin skeleton (D:5)
  A jelly (D:4)
  2 hounds
  An iguana (D:5)
  An orc wizard (D:4)
  5 adders (D:2)
  3 gnolls
  An adder skeleton (D:4)
  2 worms (D:2)
  A dart slug (D:2)
  10 orcs
  4 endoplasms
  2 giant cockroaches (D:1)
  8 goblins
  6 hobgoblins
  3 jackals (D:1)
  8 kobolds
  2 ball pythons (D:2)
  3 bats
  A frilled lizard (D:2)
  8 rats
77 creatures vanquished.

Notes
Turn   | Place    | Note
-------+----------+-------------------------------------------
     0 | D:1      | Peloso the Minotaur Fighter began the quest for the Orb.
     0 | D:1      | Reached XP level 1. HP: 19/19 MP: 0/0
   121 | D:1      | Reached XP level 2. HP: 23/27 MP: 1/1
  1047 | D:2      | Reached XP level 3. HP: 33/33 MP: 2/2
  1394 | D:2      | Reached XP level 4. HP: 41/41 MP: 3/3
  1517 | D:2      | Found Poichu Jota's Armour Shoppe.
  2787 | D:3      | Reached XP level 5. HP: 47/47 MP: 4/4
  2996 | D:3      | Found a faded altar of an unknown god.
  3303 | D:4      | Found a sparkling altar of Nemelex Xobeh.
  3580 | D:4      | Found an ornate altar of the Wu Jian Council.
  3752 | D:4      | Noticed an ogre
  4003 | D:4      | Killed an ogre
  4004 | D:4      | Reached skill level 5 in Long Blades
  4004 | D:4      | Reached skill level 5 in Armour
  4026 | D:4      | Reached XP level 6. HP: 53/53 MP: 5/5
  4906 | D:5      | Entered Level 5 of the Dungeon
  4916 | D:5      | Found a staircase to the Ecumenical Temple.
  4929 | Temple   | Entered the Ecumenical Temple
  5104 | Temple   | Became a worshipper of Warmaster Okawaru
  5117 | D:5      | Noticed Menkaure
  5126 | D:5      | Killed Menkaure
  5127 | D:5      | Reached XP level 7. HP: 31/60 MP: 6/6
  5452 | D:5      | Reached skill level 1 in Dodging
  5461 | D:5      | Reached skill level 5 in Fighting
  5593 | D:5      | Mangled by an ogre

Illustrated notes

Levels and vault maps discovered:
D:1:      dpeg_arrival_signposts, layout_loops_ring
D:2:      layout_rooms, serial_shops, shop
D:3:      layout_rooms, hellmonk_ecumenical_altar_leap_of_faith,
          dk_noncrumbling_3, minmay_misc_feat_encased
D:4:      layout_loops_ring, nicolae_wu_jian_glorious_leap,
          nemelex_diamond_rough_becter, serial_co_window_serial,
          co_window_corner_a, co_window_of_opportunity_a, co_window_paths_a,
          co_window_of_opportunity_a, co_window_corner_a, co_window_2corner,
          co_window_corner_ca, co_window_unsneaky_path_e, co_window_corner_cb,
          co_window_of_opportunity_b, co_window_of_opportunity_c,
          co_window_4corner_b, glass_columns_a
D:5:      layout_rooms, mainiacjoe_overflow_big_doors,
          mainiacjoe_overflow_six_doors_small, minmay_temple_entry_large_hall,
          uniq_crazy_yiuf_cottage, uniq_menkaure
Temple:   nicolae_temple_elliptical

Skill      XL: |  1  2  3  4  5  6  7 |
---------------+----------------------+-----
Fighting       | 4 5 |  5.0
Shields        | 4 |  4.3
Armour         | 4 5 6 |  6.4
Long Blades    | 3 4 5 6 |  6.9
Dodging        | 1 |  1.1
Stealth        | |  0.2
Evocations     | |  0.4

Action                   |  1- 3 |  4- 6 |  7- 9 || total
-------------------------+-------+-------+-------++-------
Melee: Long sword        |    83 |   106 |    37 ||   226
       Headbutt          |     7 |    17 |     3 ||    27
Evoke: Wand              |       |     4 |       ||     4
  Use: Scroll            |       |     5 |       ||     5
 Stab: Distracted        |       |     1 |       ||     1
Armor: Scale mail        |    27 |       |       ||    27
       Chain mail        |    13 |    71 |    21 ||   105
Dodge: Dodged            |    35 |    47 |    18 ||   100
Block: Buckler           |    14 |    17 |    10 ||    41
